 Dungeon Crawl Stone Soup version 0.31-a0-995-g04711c9635 (webtiles) character file.

Game seed: 4445839662917929136

56 Gladio the Ruffian (level 3, -14/27 HPs)
             Began as a Barachi Shapeshifter on Nov 6, 2023.
             Killed from afar by Ijyb (21 damage)
             ... with a bolt of acid
             ... on level 3 of the Dungeon.
             The game lasted 00:03:26 (1583 turns).

Gladio the Ruffian (Barachi Shapeshifter)           Turns: 1583, Time: 00:03:26

Health: -14/27     AC:  6    Str: 17    XL:     3   Next: 97%
Magic:  3/3        EV: 15    Int: 10    God:
Gold:   132        SH:  0    Dex: 11    Spells: 2/2 levels left

rFire   . .          .
                       - Unarmed
rCold   . . .        (no shield)
rNeg    + . .        g - +0 scale mail
rPois   .            (helmet currently unavailable)
rElec   .            (cloak currently unavailable)
rCorr   .            (gloves currently unavailable)
SInv    .            (boots currently unavailable)
Will    .....        (no amulet) Stlth
                     o - ring of positive energy
HPRegen 0.24/turn    r - +5 ring of evasion
MPRegen 0.08/turn

%: no passive effects
@: beast-form, slow
A: beast (slay +2), amphibious, slowness 1, strong legs 1, +LOS
a: Hop, Begin Untransformation


You were on level 3 of the Dungeon.
You were a hulking beast.
You visited 1 branch of the dungeon, and saw 3 of its levels.

You collected 132 gold pieces.

Inventory:

Hand Weapons
 h - a +0 vampiric short sword
Armour
 a - a +0 animal skin
 g - a +0 scale mail (worn)
Jewellery
 o - a ring of positive energy (left hand)
 r - a +5 ring of evasion (right hand)
Talismans
 c - a beast talisman
 d - a flux talisman
Scrolls
 e - a scroll of identify {unknown}
 i - a scroll of poison {unknown}
 l - a scroll of revelation {unknown}
 m - a scroll of teleportation
 n - a scroll of noise {unknown}
Potions
 b - a potion of lignification
 f - a potion of might {unknown}
 j - a potion of cancellation {unknown}
 k - a potion of brilliance {unknown}
 p - 2 potions of resistance {unknown}
 q - a potion of mutation {unknown}


   Skills:
 - Level 2.3 Fighting
 - Level 2.1 Dodging
 + Level 4.3 Unarmed Combat
 * Level 3.8 Shapeshifting


You had 2 spell levels left.
You didn't know any spells.
Your spell library was empty.

Dungeon Overview and Level Annotations

Branches:
Dungeon (3/15)

Altars:

Shops:
D:1 =[(

Annotations:
D:3 Ijyb


Innate Abilities, Weirdness & Mutations

You are a hulking beast.
Your limbs bulge with bestial killing power. (Slay +2)
You are amphibious.
You cover ground slowly.
You can hop short distances.
You have an extended range of vision and can be seen from far away.


Message History

Ijyb the Twisted Goblin comes into view.
She is wielding a +0 club, wearing a +3 leather armour of cold resistance and carrying a wand of acid.
Ijyb shouts!
You hit the orc.
The orc is severely wounded.
The orc hits you with a +0 hand axe.
You punch the orc!
You kill the orc!
Things that are here:
a +0 hand axe; a +0 leather armour You hit Ijyb.
Ijyb is lightly wounded.
Ijyb zaps a wand.
The bolt of acid hits you!
You hit Ijyb.
Ijyb is moderately wounded.
You barely miss Ijyb. Your punch misses Ijyb.
Ijyb is moderately wounded.
Ijyb hits you with a +0 club.
You are too injured to fight recklessly!
You are too injured to fight recklessly!
You are too injured to fight recklessly!
You are too injured to fight recklessly!
You are too injured to fight recklessly!
Ijyb is nearby!
You hit Ijyb but do no damage.
Ijyb is moderately wounded.
Ijyb hits you with a +0 club.
* * * LOW HITPOINT WARNING * * *
You barely miss Ijyb.
Ijyb is moderately wounded.
Ijyb barely misses you.
Unknown command.
You hit Ijyb but do no damage.
Ijyb is moderately wounded.
Ijyb hits you with a +0 club.
* * * LOW HITPOINT WARNING * * *
You barely miss Ijyb.
Ijyb is moderately wounded.
Ijyb zaps a wand.
The bolt of acid hits you!!
Ouch! That really hurt!
You die...

##.. #...
################...
#................#.
#............######
#..#########.......
#......# #..####.
#.)(#...?.....##...
#.h.# ........##...
#.g.# ............
#..... ..##..##...
##...... .##..##...
#........##..####.
#......... ..# #.
##.>.....###†# #.
...........####.
...######.)<)...


You could see Ijyb.

Vanquished Creatures
  An orc wizard (D:3)
  3 orcs
  4 endoplasms
  A giant cockroach (D:3)
  A goblin (D:1)
  A hobgoblin (D:1)
  4 kobolds (D:1)
  A quokka (D:1)
  3 ball pythons
  2 bats (D:1)
  2 frilled lizards
  4 rats
27 creatures vanquished.

Notes
Turn   | Place    | Note
-------+----------+-------------------------------------------
     0 | D:1      | Gladio the Barachi Shapeshifter began the quest for the
                  | Orb.
     0 | D:1      | Reached XP level 1. HP: 15/15 MP: 1/1
    85 | D:1      | Found Yloac's Weapon Emporium.
   141 | D:1      | Found a faded altar of an unknown god.
   267 | D:1      | Reached XP level 2. HP: 14/21 MP: 2/2
   377 | D:1      | Found Qunwydut's Jewellery Shop.
   577 | D:1      | Found Qalos's Armour Emporium.
  1322 | D:2      | Reached skill level 4 in Unarmed Combat
  1322 | D:2      | Reached XP level 3. HP: 24/27 MP: 3/3
  1572 | D:3      | Noticed Ijyb
  1583 | D:3      | Killed from afar by Ijyb

Illustrated notes

Levels and vault maps discovered:
D:1:      dpeg_arrival_signposts, layout_loops_cross, serial_shops,
          nicolae_shop_tiny_waterfront, nicolae_shop_pleasant_corner_grove,
          shop, ebering_ecumenical_altar_abandoned
D:2:      layout_rooms, nicolae_eternal_life
D:3:      layout_loops_ring, lemuel_doored_altar, bloody_makhleb, dk_vineyard_2,
          minmay_crystal_water, uniq_ijyb

Skill      XL: |  1  2  3 |
---------------+----------+-----
Unarmed Combat | 4 |  4.3
Fighting       | 2 |  2.3
Dodging        | |  2.1
Shapeshifting  | |  3.8

Action                     || total
---------------------------++-------
  Melee: Unarmed           ||    40
         Short sword       ||    51
         Punch             ||     2
    Use: Scroll            ||     2
 Armour: Animal skin       ||    40
         Scale mail        ||     9
  Dodge: Dodged            ||    46

Table legend: (Time is in decaauts)
 A = Elapsed time spent in this place.
 B = Non-inter-level travel time spent in this place.
 C = Inter-level travel time spent in this place.
 D = Time resting spent in this place.
 E = Time spent auto-exploring this place.
 F = Levels seen in this place.
 G = Mean time per level.
                   A        B        C        D        E       F      G
               +--------+--------+--------+--------+--------+-----+--------+
         Total |   1829 |   1683 |    146 |      0 |   1414 |   3 |  609.7 |
       Dungeon |   1829 |   1683 |    146 |      0 |   1414 |   3 |  609.7 |
               +--------+--------+--------+--------+--------+-----+--------+

Top non-repeatable levels by time:
     D:1: 905 daAuts
     D:2: 760 daAuts
     D:3: 163 daAuts
